 Dungeon Crawl Stone Soup version 0.30.1-9-gdf580d7c3d (webtiles) character file.

Game seed: 4351147753616121018

1074 jagang the Trooper (level 8, -2/63 HPs)
             Began as a Human Fighter on Sept 28, 2023.
             Slain by an ogre
             ... wielding a +0 giant club
              (6 damage)
             ... on level 5 of the Dungeon.
             The game lasted 00:13:25 (4623 turns).

jagang the Trooper (Human Fighter)                  Turns: 4623, Time: 00:13:26

Health: -2/63      AC:  9    Str: 19    XL:     8   Next: 54%
Magic:  8/8        EV: 11    Int:  8    God:
Gold:   200        SH:  5    Dex: 13    Spells: 7/7 levels left

rFire   . . .        a - +0 long sword
rCold   + . .        c - +0 buckler
rNeg    . . .        t - +1 ring mail {rC+}
rPois   .            d - +0 helmet
rElec   .            (no cloak)
rCorr   .            v - +0 pair of gloves
SInv    +            (no boots)
Will    .....        (no amulet)
Stlth   +            s - ring of see invisible
HPRegen 0.30/turn    (no ring)
MPRegen 0.11/turn

%: no passive effects
@: no status effects
A: no striking features
a: no special abilities


You were on level 5 of the Dungeon.
You visited 1 branch of the dungeon, and saw 5 of its levels.

You collected 260 gold pieces.
You spent 60 gold pieces at shops.

Inventory:

Hand Weapons
 a - a +0 long sword (weapon)
Missiles
 b - a boomerang (quivered)
 h - 2 atropa-tipped darts
Armour
 c - a +0 buckler (worn)
 d - a +0 helmet (worn)
 t - a +1 ring mail of cold resistance (worn)
 v - a +0 pair of gloves (worn)
Jewellery
 s - a ring of see invisible (left hand)
Scrolls
 e - a scroll of vulnerability {unknown}
 i - a scroll of amnesia {unknown}
 j - a scroll of magic mapping {unknown}
 m - a scroll of torment {unknown}
 n - a scroll of brand weapon {unknown}
 o - 7 scrolls of identify {unknown}
 p - 4 scrolls of enchant weapon {unknown}
 u - a scroll of immolation {unknown}
 w - a scroll of noise {unknown}
Potions
 f - a potion of resistance {unknown}
 g - 2 potions of magic {unknown}
 k - 2 potions of berserk rage {unknown}
 l - 2 potions of flight
 q - a potion of curing
 r - a potion of brilliance {unknown}


   Skills:
 * Level 5.4 Fighting
 * Level 5.0 Long Blades
 + Level 2.2 Throwing
 * Level 5.3 Armour
 + Level 2.9 Dodging
 + Level 4.3 Shields


You had 7 spell levels left.
You didn't know any spells.
Your spell library contained the following spells:

 Spells                   Type           Power      Damage    Failure   Level
 Sublimation of Blood     Necr           0%         N/A       80%         2
 Wereblood                Tmut           0%         N/A       80%         2
 Summon Hydra             Summ           0%         N/A       100%        7


Dungeon Overview and Level Annotations

Branches:
Dungeon (5/15)
 Temple: D:4-7

Altars:
Uskayaw

Shops:
D:2 !*(*

Annotations:
D:4 2 runed translucent doors, monsoonserge's ghost, amateur MiBe


Message History

The ice beast completely misses you.
You hit the ice beast.
You kill the ice beast!
Your Long Blades skill increases to level 5!
There is a broken door here.
Found a stone staircase leading down.
There is a stone staircase leading down here.
There is an open door here.
There is an open door here.
Throw: boomerang
Press: ? - help, Q - select action, (/) - cycle Shift-Dir - straight line, f - ogre
Aim: an ogre, wielding a +0 giant club (75% to hit)
You throw a boomerang.
The boomerang completely misses the ogre.
You barely miss the ogre. The ogre closely misses you.
You hit the ogre.
The ogre is lightly wounded.
The ogre hits you with a +0 giant club!
You closely miss the ogre.
The ogre is lightly wounded.
The ogre hits you with a +0 giant club!!
Throw: boomerang
Press: ? - help, Q - select action, (/) - cycle Shift-Dir - straight line, f/p - ogre
Aim: an ogre, wielding a +0 giant club (lightly wounded, 75% to hit)
You throw a boomerang. The boomerang barely misses the ogre.
You slash the ogre!
The ogre is heavily wounded.
The ogre hits you with a +0 giant club.
You completely miss the ogre.
The ogre is heavily wounded.
The ogre hits you with a +0 giant club!
* * * LOW HITPOINT WARNING * * *
Okay, then.
You hit the ogre.
The ogre is heavily wounded.
You block the ogre's attack.
You hit the ogre.
The ogre is heavily wounded.
The ogre hits you with a +0 giant club.
You die...

.................#
#...........
.................#
#...........
.................#
#[..........
.................#
#........g..
.................#
#...........
.................#
#...........
..........##...#.#
#...........
..........##.#.#.#
############
########.....#@# ..
######## ##
#######O####.##...[.###.
#...............#.
######........#.#.
....#.......#.#.
.......##.#...#.
.......'........
.......##....... ......#
##....#.


You could see an ogre.

Vanquished Creatures
  Sigmund (D:4)
  A water moccasin (D:5)
  Pargi (D:4)
  2 ice beasts (D:5)
  A phantom (D:5)
  A scorpion (D:5)
  A hound (D:4)
  2 sleepcaps
  An iguana (D:5)
  An orc wizard (D:5)
  Robin (D:2)
  6 gnolls (D:5)
  8 adders
  A white imp (D:5)
  A worm (D:2)
  A dart slug (D:1)
  15 orcs
  4 bats
  6 endoplasms
  3 giant cockroaches
  12 goblins
  13 hobgoblins
  3 jackals (D:3)
  A quokka (D:2)
  7 ball pythons
  5 frilled lizards
  3 kobolds
  A rat (D:1)
103 creatures vanquished.

Notes
Turn   | Place    | Note
-------+----------+-------------------------------------------
     0 | D:1      | jagang the Human Fighter began the quest for the Orb.
     0 | D:1      | Reached XP level 1. HP: 18/18 MP: 1/1
   413 | D:1      | Reached XP level 2. HP: 24/24 MP: 2/2
  1010 | D:2      | Found Kuhune's Distillery.
  1026 | D:2      | Bought a potion of heal wounds for 50 gold pieces
  1026 | D:2      | Bought a potion of degeneration for 10 gold pieces
  1086 | D:2      | Reached XP level 3. HP: 28/29 MP: 3/3
  1230 | D:2      | Reached XP level 4. HP: 27/35 MP: 4/4
  1332 | D:2      | Noticed Robin
  1358 | D:2      | Reached skill level 1 in Dodging
  1380 | D:2      | Killed Robin
  1521 | D:2      | Found Atos's Assorted Antiques.
  1529 | D:2      | Found Anaim's Antique Weapon Shop.
  1702 | D:2      | Reached XP level 5. HP: 40/41 MP: 5/5
  1801 | D:2      | Found a faded altar of an unknown god.
  1871 | D:2      | Found Sunaonaq's Assorted Antiques.
  3086 | D:4      | Reached XP level 6. HP: 37/48 MP: 6/6
  3163 | D:4      | Found a runed translucent door.
  3166 | D:4      | Noticed monsoonserge's ghost (amateur MiBe)
  3195 | D:4      | Found a hide-covered altar of Uskayaw.
  3285 | D:4      | Found a runed translucent door.
  3334 | D:4      | Noticed Pargi
  3348 | D:4      | Killed Pargi
  3465 | D:4      | Noticed Sigmund
  3476 | D:4      | Killed Sigmund
  3477 | D:4      | Reached skill level 1 in Throwing
  3477 | D:4      | Reached XP level 7. HP: 55/55 MP: 7/7
  3597 | D:5      | Entered Level 5 of the Dungeon
  3643 | D:5      | Noticed a water moccasin
  3668 | D:5      | Killed a water moccasin
  4076 | D:5      | Reached skill level 5 in Fighting
  4076 | D:5      | Reached skill level 5 in Armour
  4076 | D:5      | Reached XP level 8. HP: 56/62 MP: 8/8
  4513 | D:5      | Reached skill level 5 in Long Blades
  4619 | D:5      | HP: 3/63 [ogre/+0 giant club (17)]
  4623 | D:5      | Slain by an ogre

Illustrated notes

Levels and vault maps discovered:
D:1:      dpeg_arrival_circle_labyrinth_c, layout_basic, st_stairs_3,
          minmay_misc_feat_nine_boxes
D:2:      layout_rooms, shapermc_ecumenical_altar_totnotflames, serial_shops,
          nicolae_shop_waterfront, nicolae_lakefront_shop, shop, shop,
          nicolae_half_adder, uniq_robin
D:3:      layout_basic, chequers_serial_rivers_micro_a
D:4:      layout_basic, nicolae_uskayaw_suspiria, ebering_ghost_sewer_f,
          minivault_26, uniq_sigmund, uniq_pargi
D:5:      layout_basic

Skill      XL: |  1  2  3  4  5  6  7  8 |
---------------+-------------------------+-----
Dodging        | 1 2 |  2.9
Long Blades    | 3 4 5 |  5.0
Fighting       | 4 5 |  5.4
Armour         | 4 5 |  5.3
Throwing       | 1 2 |  2.2
Shields        | 4 |  4.3

Action                     |  1- 3 |  4- 6 |  7- 9 || total
---------------------------+-------+-------+-------++-------
  Melee: Long sword        |    79 |   202 |   167 ||   448
  Throw: Boomerang         |       |     1 |    16 ||    17
    Use: Potion            |       |     7 |     3 ||    10
 Armour: Scale mail        |    53 |    87 |       ||   140
         Ring mail         |       |    36 |    64 ||   100
  Dodge: Dodged            |    37 |   133 |    97 ||   267
  Block: Buckler           |    11 |    56 |    41 ||   108
